 Dungeon Crawl Stone Soup version 0.31-a0-188-g5e087ee2ca (webtiles) character file.

Game seed: 11724905193852447431

62 qw the Shooter (level 3, 0/20 HPs)
             Began as a Deep Elf Hunter on June 23, 2023.
             Succumbed to their own poison gas
             ... on level 2 of the Dungeon.
             The game lasted 00:00:35 (1487 turns).

qw the Shooter (Deep Elf Hunter)                    Turns: 1487, Time: 00:00:35

Health: 0/20       AC:  6    Str: 10    XL:     3   Next: 85%
Magic:  5/5        EV: 11    Int: 13    God:
Gold:   146        SH:  0    Dex: 18    Spells: 2/2 levels left

rFire   . . .        Y - +0 shortbow
rCold   . . .        (shield currently unavailable)
rNeg    . . .        j - +0 ring mail
rPois   .            (no helmet)
rElec   .            d - +0 cloak
rCorr   .            (no gloves)
SInv    .            (no boots)
Will    .....        (no amulet)
Stlth   +            (no ring)
HPRegen 0.23/turn    (no ring)
MPRegen 0.09/turn

%: no passive effects
@: lethally poisoned (0 -> -2), weak-willed
A: no striking features
a: no special abilities


You were on level 2 of the Dungeon.
You visited 1 branch of the dungeon, and saw 2 of its levels.

You collected 146 gold pieces.


   Skills:
 - Level 1.5 Fighting
 + Level 7.3 Ranged Weapons
 - Level 2.4 Dodging
 - Level 1.2 Stealth


You had 2 spell levels left.
You didn't know any spells.
Your spell library was empty.

Inventory:

Hand Weapons
 Y - a +0 shortbow (weapon)
Armour
 d - a +0 cloak (worn)
 j - a +0 ring mail (worn)
Scrolls
 a - a scroll of teleportation
 i - a scroll of identify
Potions
 f - a potion of might {unknown}
 h - a potion of haste
 m - a potion of invisibility {unknown}

Dungeon Overview and Level Annotations

Branches:
Dungeon (2/15)

Altars:


Message History

As you read the scroll labelled TAYNKIOTWU, it crumbles to dust.
Magic quickly surges around you.
It was a scroll of vulnerability.
Done exploring.
1477 ||| READING 2 scrolls of identify.
As you read the scroll of identify, it crumbles to dust.
e - a potion of lignification;
1477 ||| IDENTIFYING fizzy dark potion Done exploring.
1478 ||| DROPPING potion of lignification.
You drop a potion of lignification.
Done exploring.
(D) Dungeon
Where to? (* - list waypoints, Enter - D:2, ? - help)
What level of the Dungeon? (default 1, ? - help) Sorry, I don't know how to get there.
Enter note:
Enter note:
Enter note:
Enter note:
Enter note:
Enter note: Really walk into that cloud of poison gas?
You are engulfed in poison gas.
You are poisoned.
You feel very sick.
1480 ||| Stepping ~*~*~tactically~*~*~ (cloud).
You feel very sick.
You see here a potion of lignification.
There is a lethal amount of poison in your body!
You feel very sick.
There is a lethal amount of poison in your body!
You feel sick.
There is a lethal amount of poison in your body!
You feel sick.
There is a lethal amount of poison in your body!
You feel sick.
There is a lethal amount of poison in your body!
You feel sick.
There is a lethal amount of poison in your body!
You feel sick.
There is a lethal amount of poison in your body!
You die...

.......).....#....>..#
########..)..#.###...#
...............#¤0...#
################0#...#
......# #¤#...# #####.#
#0#...# ....#.# #0#...#
###.#%# #0#...# # #.#)#
#@#...# ###.#.#
#0#...############
..#...#
#<#...............
#.#######
#######################
#.......#
#%............#
#######.#
#.###########.# #.# #.#
#.# #.###.# #.#########
#.....# #..........


There were no monsters in sight!

Vanquished Creatures
  A gnoll (D:1)
  An adder (D:2)
  A dart slug (D:1)
  An orc (D:2)
  4 endoplasms (D:1)
  4 giant cockroaches (D:1)
  3 goblins
  2 hobgoblins (D:1)
  3 kobolds
  2 quokkas
  4 ball pythons
  3 bats
  4 frilled lizards
  6 rats
39 creatures vanquished.

Notes
Turn   | Place    | Note
-------+----------+-------------------------------------------
     0 | D:1      | qw the Deep Elf Hunter began the quest for the Orb.
     0 | D:1      | Reached XP level 1. HP: 12/12 MP: 3/3
     0 | D:1      | 0 ||| qw: Version: 0.3-a-9-g12657ce
     0 | D:1      | 0 ||| qw: Game counter: 3350
     0 | D:1      | 0 ||| qw: Always use a shield: true
     0 | D:1      | 0 ||| qw: God list: Okawaru
     0 | D:1      | 0 ||| qw: Allow faded altars: false
     0 | D:1      | 0 ||| qw: Do Orc after D:15 true
     0 | D:1      | 0 ||| qw: Do second Lair branch before Depths: true
     0 | D:1      | 0 ||| qw: Lair rune preference: random
     0 | D:1      | 0 ||| qw: Plans: Normal
     0 | D:1      | 0 ||| PLANNING D:1-11
    96 | D:1      | Reached skill level 6 in Ranged Weapons
    96 | D:1      | Reached XP level 2. HP: 16/16 MP: 4/4
   120 | D:1      | Found a faded altar of an unknown god.
   527 | D:1      | Reached XP level 3. HP: 20/20 MP: 5/5
   712 | D:1      | 712 ||| UPGRADING to +0 cloak.
   717 | D:1      | 717 ||| UPGRADING to +0 ring mail.
   727 | D:1      | 727 ||| DROPPING +0 leather armour.
   728 | D:1      | 728 ||| READING scroll labelled FIUJID VUHOTZ.
   729 | D:1      | 729 ||| READING scroll labelled NENAT NUIRED.
   730 | D:1      | 730 ||| READING 2 scrolls labelled DAERPH LOUSCHA.
   731 | D:1      | 731 ||| READING 2 scrolls labelled SIXAUMYRIA.
   732 | D:1      | 732 ||| READING scroll labelled LITSI VUHA.
   733 | D:1      | 733 ||| DRINKING 2 emerald potions.
   734 | D:1      | 734 ||| DROPPING scroll of butterflies.
   735 | D:1      | 735 ||| DROPPING scroll of noise.
  1009 | D:2      | Reached skill level 7 in Ranged Weapons
  1472 | D:2      | 1472 ||| READING 2 scrolls labelled DUHYEG ULUELOA.
  1475 | D:2      | 1475 ||| READING scroll labelled SEV CAIPLUESH.
  1476 | D:2      | 1476 ||| READING scroll labelled TAYNKIOTWU.
  1477 | D:2      | 1477 ||| READING 2 scrolls of identify.
  1477 | D:2      | 1477 ||| IDENTIFYING fizzy dark potion
  1478 | D:2      | 1478 ||| DROPPING potion of lignification.
  1480 | D:2      | 1480 ||| Stepping ~*~*~tactically~*~*~ (cloud).
  1482 | D:2      | HP: 5/20 [poisoned by you (poison gas)]
  1484 | D:2      | HP: 2/20 [poisoned by you (poison gas)]
  1487 | D:2      | Succumbed to their own poison gas

Levels and vault maps discovered:
D:1:      elethiomel_arrival_quiet, layout_loops_ring,
          ebering_ecumenical_altar_mist, minmay_pentomino_s2
D:2:      layout_basic

Skill      XL: |  1  2  3 |
---------------+----------+-----
Ranged Weapons | 6 7 |  7.3
Fighting       | |  1.5
Dodging        | |  2.4
Stealth        | |  1.2

Action                     || total
---------------------------++-------
   Fire: Shortbow          ||   116
    Use: Scroll            ||     9
         Potion            ||     1
 Armour: Leather armour    ||     6
         Ring mail         ||     9
  Dodge: Dodged            ||    23

Table legend:
 A = Non-vault XP
 B = Vault XP
 C = Vault XP percentage of total XP
 D = Non-vault monster count
 E = Vault monster count
 F = Vault count percentage of total count
                 A         B        C        D         E       F
            +---------+---------+-------+---------+---------+-------
      Total |      86 |       3 |   3.4 |      37 |       2 |   5.1
            +---------+---------+-------+---------+---------+-------
        D:1 |      50 |       3 |   5.7 |      20 |       2 |   9.1
        D:2 |      36 |       0 |   0.0 |      17 |       0 |   0.0
            +---------+---------+-------+---------+---------+-------
